 Dungeon Crawl Stone Soup version 0.27.1 (webtiles) character file.

Game seed: 13446358650847978192

9793 ABBCCCDDDD the Cleaver (level 11, -3/72 HPs)
             Began as an Octopode Abyssal Knight on Sept 2, 2021.
             Was an Elder of Lugonu.
             Slain by a ten-headed hydra (4 damage)
             ... on level 3 of the Lair of Beasts.
             The game lasted 00:51:40 (18204 turns).

ABBCCCDDDD the Cleaver (Octopode Abyssal Knight)   Turns: 18204, Time: 00:51:40

Health: -3/72      AC:  1    Str: 14    XL:     11   Next: 52%
Magic:  13/20      EV: 13    Int: 24    God:    Lugonu [****..]
Gold:   677        SH:  5    Dex: 12    Spells: 4/22 levels left

rFire    . . .     SeeInvis .   C - +2 war axe (vamp)
rCold    . . .     Faith    .   (no shield)
rNeg     . . .     Spirit   .   (helmet restricted)
rPois    .         Reflect  +   Q - amulet of Kirei {Reflect Rampage SH+5}
rElec    .         Harm     .   b - +4 ring of slaying
rCorr    +         Rampage  +   E - +6 ring of intelligence
Will     .....                  x - ring of Liubysm {rCorr Str+3}
Stlth    ++........             (no ring)
HPRegen  0.22/turn              (no ring)
MPRegen  0.17/turn              (no ring)
                                (no ring)
                                (no ring)

@: studying Unarmed Combat
A: almost no armour, amphibious, 8 rings, camouflage 1, gelatinous body 1,
(nimble swimmer 1), tentacles
a: Renounce Religion, Depart the Abyss, Bend Space, Banish, Corrupt


You were on level 3 of the Lair of Beasts.
You worshipped Lugonu.
Lugonu was greatly pleased with you.
You visited 2 branches of the dungeon, and saw 13 of its levels.
You visited the Abyss 1 time.
You also visited: Sewer.

You collected 677 gold pieces.

Inventory:

Hand Weapons
 a - a +1 hand axe
 C - a +2 vampiric war axe (weapon)
 H - a +0 spear
 I - a +3 war axe
Missiles
 d - a curare-tipped dart
 i - 383 stones
 z - 50 poisoned darts (quivered)
 D - a throwing net
 J - 3 javelins
Jewellery
 b - a +4 ring of slaying (left tentacle)
 h - an amulet of guardian spirit
 x - the ring of Liubysm (on tentacle) {rCorr Str+3}
   (You acquired it on level 1 of the Lair of Beasts)

   [ring of resist corrosion]

   Str:       It affects your strength (+3).
   rCorr:     It protects you from acid and corrosion.
 y - the amulet "Jiul" {Spirit Harm Str-2 Dex+4}
   (You found it on level 4 of the Dungeon)

   [amulet of guardian spirit]

   It causes incoming damage to be divided between your reserves of health and
   magic.
   Str:       It affects your strength (-2).
   Dex:       It affects your dexterity (+4).
   Harm:      It increases damage dealt and taken.
 E - a +6 ring of intelligence (right tentacle)
 F - a ring of fire
 M - the amulet of Checkmate {Spirit Regen+ rCorr Dex-4}
   (You found it on level 10 of the Dungeon)

   [amulet of guardian spirit]

   It causes incoming damage to be divided between your reserves of health and
   magic.
   Dex:       It affects your dexterity (-4).
   Regen:     It increases your rate of health regeneration.
   rCorr:     It protects you from acid and corrosion.
 Q - the amulet of Kirei (around mantle) {Reflect Rampage SH+5}
   (You found it on level 1 of the Lair of Beasts)

   [amulet of reflection]

   It reflects blocked missile attacks.
   SH:        It affects your SH (+5).
   Rampage:   It bestows one free step when moving towards enemies.
Wands
 t - a wand of digging (2)
 w - a wand of acid (1)
 O - a wand of iceblast (12)
 P - a wand of paralysis (7)
Scrolls
 j - 2 scrolls of fog
 l - 2 scrolls of immolation
 m - a scroll of blinking
 s - 9 scrolls of amnesia
 u - 5 scrolls of enchant armour {unknown}
 v - a scroll of enchant weapon
 B - 4 scrolls of noise {unknown}
 G - a scroll of brand weapon
 K - a scroll of summoning
 L - 2 scrolls of magic mapping {unknown}
 R - a scroll of fear
Potions
 c - 2 potions of magic
 e - 4 potions of cancellation {unknown}
 f - 6 potions of heal wounds
 g - 4 potions of haste
 k - 5 potions of brilliance
 n - a potion of invisibility {unknown}
 o - 3 potions of mutation {unknown}
 p - a potion of lignification {unknown}
 r - 2 potions of degeneration {unknown}
 A - a potion of flight {unknown}


   Skills:
 - Level 6.0 Fighting
 + Level 9.7 Axes
 - Level 2.3 Dodging
 + Level 6.2 Spellcasting
 - Level 8.0 Summonings
 - Level 3.0 Translocations
 + Level 3.3 Ice Magic
 - Level 3.0 Air Magic
 - Level 5.0 Poison Magic
 - Level 2.0 Invocations
 + Level 6.4 Evocations


You had 4 spell levels left.
You knew the following spells:

 Your Spells              Type           Power      Damage    Failure   Level
a - Summon Small Mammal   Summ           100%       N/A       1%          1
b - Call Canine Familiar  Summ           45%        N/A       1%          3
c - Poisonous Vapours     Pois/Air       52%        N/A       2%          2
d - Blink                 Tloc           N/A        N/A       3%          2
e - Summon Guardian Gole  Hex/Summ       26%        N/A       4%          3
f - Summon Ice Beast      Ice/Summ       34%        N/A       8%          4
g - Frozen Ramparts       Ice            46%        1d6       6%          3

Your spell library contained the following spells:

 Spells                   Type           Power      Damage    Failure   Level
 Corpse Rot               Necr/Air       N/A        N/A       6%          2
 Animate Skeleton         Necr           14%        N/A       8%          1
 Pain                     Necr           28%        1d5       8%          1
 Vampiric Draining        Necr           3%         2d6       24%         3
 Ice Form                 Ice/Tmut       15%        N/A       36%         4
 Dispel Undead            Necr           7%         3d8       61%         4
 Manifold Assault         Tloc           21%        N/A       54%         5
 Freezing Cloud           Conj/Ice/Air   8%         6-21      67%         5
 Death Channel            Necr           3%         N/A       100%        6
 Storm Form               Tmut/Air       7%         N/A       100%        7


Dungeon Overview and Level Annotations

Branches:
Dungeon (10/15)            Temple (0/1) D:7            Lair (3/6) D:10
 Shoals (0/4) Lair:2        Sewer (visited)
  Snake: Lair:2-4    Spider: Lair:2-4       Orc: D:9-12

Altars:
Ashenzari
Elyvilon
Fedhas
Gozag
Nemelex Xobeh
Qazlal
Uskayaw

Portals:
Abyss: D:4

Annotations:
D:4 2 transporters, monk26's ghost, amateur OgGl
D:5 2 transporters, Raspi's ghost, novice OpBr
D:6 1 runed translucent door, Crazy Yiuf
D:8 exclusion: downstairs
D:9 Grum; Pikel


Innate Abilities, Weirdness & Mutations

You cannot wear most types of armour.
You are amphibious.
You can wear up to eight rings at the same time.
Your skin changes colour to match your surroundings (Stealth+).
Your rubbery body absorbs attacks. (AC +1, EV +1)
((You are camouflaged near water. (Stealth+)))
You have tentacles for arms and can constrict up to eight enemies at once.


Message History

The helpless eight-headed hydra fails to defend itself.
You slice one of the eight-headed hydra's heads off!
The seven-headed hydra grows two more!
You slice the nine-headed hydra!!
You feel better.
You squeeze the nine-headed hydra, but do no damage.
The nine-headed hydra is heavily wounded.
You hit the catoblepas but do no damage.
The catoblepas gores you!
The helpless nine-headed hydra fails to defend itself.
You lop one of the nine-headed hydra's heads off!
The eight-headed hydra grows two more!
You hit the ten-headed hydra.
You feel better.
The ten-headed hydra is heavily wounded.
You hit the catoblepas.
You feel better. You block the catoblepas's attack.
You slash the catoblepas!
You feel better.
The catoblepas is lightly wounded.
The ten-headed hydra is no longer petrified.
The ten-headed hydra bites your guardian golem!
The ten-headed hydra bites your guardian golem.
The ten-headed hydra barely misses your guardian golem.
The ten-headed hydra completely misses your guardian golem.
The ten-headed hydra bites your guardian golem! x3
Your guardian golem is destroyed!
The catoblepas breathes a plume of calcifying dust at you.
The blast of calcifying dust hits you!
The blast of calcifying dust hits the plant!
The plant begins to die.
The plant is engulfed in calcifying dust.
The plant is engulfed in calcifying dust.
The plant turns to stone!
The ten-headed hydra bites you!
The ten-headed hydra completely misses you.
The ten-headed hydra bites you! x2; The ten-headed hydra barely misses you.
The ten-headed hydra bites you. The ten-headed hydra bites you!
* * * LOW HITPOINT WARNING * * *
The ten-headed hydra bites you.
* * * LOW HITPOINT WARNING * * *
The ten-headed hydra bites you!
* * * LOW HITPOINT WARNING * * *
The ten-headed hydra bites you.
You die...

..##.....########
#....### ##...## #..Y.#
#...## #....# #...##
##....#########
#....§D@.##.#P#P#.#.
.........Y.....<.......
.#..####.#P#.####...###
### ####### ###


You could see a catoblepas and a ten-headed hydra.

Levels and vault maps discovered:
D:1:      minmay_arrival_hallway, layout_loops_ring, minivault_27
D:2:      layout_loops_ring, basic_altar
D:3:      layout_rooms, nicolae_ashenzari_panopticon,
          shapermc_ecumenical_altar_ellora, uniq_robin
D:4:      layout_basic, mainiacjoe_overflow_catwalk,
          gammafunk_ghost_abyssal_escape
D:5:      layout_basic, gammafunk_ghost_hive, portal_sewer_entry_f,
          hex_intersection
D:6:      layout_layer_cave, amcnicky_altar_gilded, nemelex_spade_bored_becter,
          minmay_manual_monolith, uniq_crazy_yiuf_cottage
D:7:      layout_rooms, temple_hall
D:8:      layout_basic, general_overflow_altar
D:9:      layout_loops_ring, chequers_arboretum, uniq_grum, uniq_pikel
D:10:     layout_grid_maze, lemuel_crystal_altar, due_lair_maze_entry_diamond
Lair:1:   layout_regular_city, minmay_shattered_shrine, grunt_megastairs_2,
          uniq_erica
Lair:2:   layout_hall_layers, elwin_shoals_entry_rocks
Lair:3:   layout_long_grid, grunt_forest_stairs_basic, grunt_megastairs_3,
          minmay_lair_oklob_chamber

Notes
Turn   | Place    | Note
-------+----------+-------------------------------------------
     0 | Abyss:1  | ABBCCCDDDD the Octopode Abyssal Knight began the quest for
                  | the Orb.
     0 | Abyss:1  | Reached XP level 1. HP: 16/16 MP: 2/2
    42 | Abyss:1  | Noticed an efreet
    43 | D:1      | Escaped the Abyss
   456 | D:1      | Reached * piety under Lugonu
   457 | D:1      | Reached XP level 2. HP: 21/21 MP: 3/3
   487 | D:1      | Learned a level 1 spell: Summon Small Mammal
   950 | D:1      | Reached skill level 3 in Axes
  1482 | D:2      | Reached XP level 3. HP: 26/26 MP: 4/4
  1531 | D:2      | Reached skill level 1 in Summonings
  1606 | D:2      | Found an opulent altar of Gozag.
  2780 | D:3      | Found a broken altar of Ashenzari.
  2862 | D:3      | Reached ** piety under Lugonu
  2863 | D:3      | Reached XP level 4. HP: 31/31 MP: 5/5
  3229 | D:3      | Found a faded altar of an unknown god.
  3233 | D:3      | Reached skill level 1 in Spellcasting
  3306 | D:3      | Noticed Robin
  3567 | D:3      | Killed Robin
  3883 | D:3      | Learned a level 3 spell: Call Canine Familiar
  4307 | D:4      | Found a white marble altar of Elyvilon.
  4339 | D:4      | Found a transporter.
  4340 | D:4      | Found a transporter.
  4341 | D:4      | Noticed a small abomination
  4358 | D:4      | Noticed a small abomination
  4523 | D:4      | Reached skill level 4 in Axes
  4709 | D:4      | Found a one-way gate to the infinite horrors of the Abyss.
  4718 | D:4      | Noticed monk26's ghost (amateur OgGl)
  4964 | D:4      | Reached XP level 5. HP: 36/36 MP: 3/6
  5273 | D:4      | Identified the amulet "Jiul" {Spirit Harm Str-2 Dex+4}
  5885 | D:5      | Entered Level 5 of the Dungeon
  5939 | D:5      | Noticed a phantom
  5991 | D:5      | Noticed a necrophage
  6060 | D:4      | Killed a necrophage
  6061 | D:4      | Reached skill level 1 in Evocations
  6061 | D:4      | Reached XP level 6. HP: 25/42 MP: 7/7
  6243 | D:5      | Noticed a nameless horror
  6336 | D:5      | Found a glowing drain.
  6352 | Sewer    | Entered a sewer
  6403 | Sewer    | Reached *** piety under Lugonu
  6405 | Sewer    | Reached skill level 5 in Axes
  6617 | Sewer    | Reached XP level 7. HP: 33/46 MP: 5/8
  7629 | D:5      | Noticed a hornet
  7657 | D:5      | Learned a level 2 spell: Poisonous Vapours
  7658 | D:5      | Found a transporter.
  7682 | D:5      | Found a transporter.
  7792 | D:5      | Noticed Raspi's ghost (novice OpBr)
  8879 | D:6      | Reached XP level 8. HP: 46/52 MP: 5/9
  8939 | D:6      | Reached skill level 6 in Axes
  9012 | D:6      | Reached skill level 5 in Summonings
  9393 | D:6      | Reached skill level 5 in Evocations
  9583 | D:6      | Found a hide-covered altar of Uskayaw.
  9795 | D:6      | Found a sparkling altar of Nemelex Xobeh.
 10021 | D:6      | Found a runed translucent door.
 10022 | D:6      | Noticed Crazy Yiuf
 10513 | D:7      | Reached skill level 1 in Poison Magic
 11209 | D:7      | Found a staircase to the Ecumenical Temple.
 11433 | D:8      | Reached XP level 9. HP: 31/59 MP: 5/12
 11690 | D:8      | Found a stormy altar of Qazlal.
 11800 | D:8      | Learned a level 2 spell: Blink
 12163 | D:9      | Noticed Grum
 12214 | D:9      | Reached **** piety under Lugonu
 12215 | D:9      | Reached skill level 1 in Translocations
 12900 | D:9      | Noticed Pikel
 12927 | D:9      | Noticed a manticore
 13214 | D:9      | Noticed a two-headed ogre
 13265 | D:9      | Killed a two-headed ogre
 13266 | D:9      | Reached skill level 5 in Fighting
 13266 | D:9      | Reached skill level 7 in Axes
 13699 | D:10     | Entered Level 10 of the Dungeon
 13918 | D:10     | Learned a level 3 spell: Summon Guardian Golem
 14121 | D:10     | Reached skill level 8 in Axes
 14121 | D:10     | Reached skill level 5 in Poison Magic
 14123 | D:10     | Reached XP level 10. HP: 66/66 MP: 3/15
 14433 | D:10     | Found a staircase to the Lair.
 14675 | D:10     | Noticed a two-headed ogre
 14690 | D:10     | Killed a two-headed ogre
 15042 | D:10     | Found a blossoming altar of Fedhas.
 15133 | D:10     | Identified the amulet of Checkmate {Spirit Regen+ rCorr
                  | Dex-4}
 15348 | Lair:1   | Entered Level 1 of the Lair of Beasts
 15349 | Lair:1   | Noticed a cane toad
 15364 | Lair:1   | Killed a cane toad
 15466 | Lair:1   | You fall into a shaft and drop 1 floor!
 15538 | Lair:2   | Noticed a cane toad
 15548 | Lair:2   | Killed a cane toad
 15586 | Lair:2   | Reached skill level 9 in Axes
 15586 | Lair:2   | Reached skill level 5 in Spellcasting
 15859 | Lair:2   | Found a staircase to the Shoals.
 15941 | Lair:1   | Learned a level 4 spell: Summon Ice Beast
 16082 | Lair:1   | Identified the amulet of Kirei {Reflect Rampage SH+5}
 16094 | Lair:1   | Noticed Erica
 16123 | Lair:1   | Noticed a cane toad
 16129 | Lair:1   | Killed a cane toad
 16130 | Lair:1   | Reached skill level 1 in Ice Magic
 16130 | Lair:1   | Reached XP level 11. HP: 62/72 MP: 3/19
 16815 | Lair:1   | Identified a scroll of acquirement
 16826 | Lair:1   | Acquired the ring of Liubysm {rCorr Str+3}
 17023 | Lair:1   | Killed Erica
 17459 | Lair:2   | Learned a level 3 spell: Frozen Ramparts
 17735 | Lair:3   | Noticed a seven-headed hydra
 17760 | Lair:2   | HP: 3/72 [poisoned by a black mamba]
 18171 | Lair:3   | Noticed a catoblepas
 18204 | Lair:3   | HP: 1/72 [ten-headed hydra (8)]
 18204 | Lair:3   | Slain by a ten-headed hydra

Table legend: (Time is in decaauts)
 A = Elapsed time spent in this place.
 B = Non-inter-level travel time spent in this place.
 C = Inter-level travel time spent in this place.
 D = Time resting spent in this place.
 E = Time spent auto-exploring this place.
 F = Levels seen in this place.
 G = Mean time per level.
                   A        B        C        D        E       F      G
               +--------+--------+--------+--------+--------+-----+--------+
         Total |  18269 |  17408 |    861 |   5635 |   8289 |  15 | 1217.9 |
       Dungeon |  14201 |  13427 |    774 |   4128 |   6601 |  10 | 1420.1 |
          Lair |   2846 |   2759 |     87 |    815 |   1433 |   3 |  948.7 |
         Abyss |     43 |     43 |      0 |      0 |     41 |   1 |   43.0 |
         Sewer |   1179 |   1179 |      0 |    692 |    214 |   1 | 1179.0 |
               +--------+--------+--------+--------+--------+-----+--------+

Top non-repeatable levels by time:
     D:4: 2032 daAuts
     D:6: 1856 daAuts
     D:2: 1688 daAuts
    D:10: 1650 daAuts
  Lair:1: 1469 daAuts
     D:5: 1444 daAuts
     D:1: 1390 daAuts
   Sewer: 1179 daAuts
  Lair:2: 1138 daAuts
     D:8: 1110 daAuts
     D:3: 1044 daAuts
     D:9: 1024 daAuts
     D:7: 960 daAuts
  Lair:3: 238 daAuts
 Abyss:1: 43 daAuts

Table legend:
 A = Kills in this place as a percentage of kills in entire the game.
 B = Kills by you in this place as a percentage of kills by you in the entire game.
 C = Kills by friends in this place as a percentage of kills by friends in the entire game.
 D = Other kills in this place as a percentage of other kills in the entire game.
 E = Experience gained in this place as a percentage of experience gained in the entire game.
 F = Experience gained in this place divided by the number of levels of this place that you have seen.
                   A       B       C       D       E      F
               +-------+-------+-------+-------+-------+----------------------
         Total | 100.0 | 100.0 | 100.0 | 100.0 | 100.0 | 932.7
       Dungeon |  74.5 |  76.8 |  77.8 |  43.8 |  47.7 | 667.5
          Lair |  15.5 |  10.7 |  19.4 |  56.2 |  49.6 | 2314.7
         Sewer |  10.0 |  12.5 |   2.8 |   0.0 |   2.7 | 371.0
               +-------+-------+-------+-------+-------+----------------------

Action                   |  1- 3 |  4- 6 |  7- 9 | 10-12 || total
-------------------------+-------+-------+-------+-------++-------
Melee: Hand axe          |    80 |   118 |   142 |       ||   340
       Constrict         |    19 |    22 |    30 |    10 ||    81
       Tentacles         |    10 |    24 |    36 |    13 ||    83
       War axe           |       |       |     3 |    88 ||    91
Throw: Javelin           |     4 |    24 |    16 |       ||    44
       Stone             |       |    13 |       |       ||    13
       Dart              |       |       |    43 |     9 ||    52
 Cast: Summon Small Mamm |     6 |    44 |    22 |     3 ||    75
       Call Canine Famil |       |       |    48 |    32 ||    80
       Poisonous Vapours |       |       |    20 |     2 ||    22
       Summon Guardian G |       |       |     4 |    23 ||    27
       Blink             |       |       |     2 |     1 ||     3
       Summon Ice Beast  |       |       |       |     5 ||     5
Invok: Depart the Abyss  |     1 |       |       |       ||     1
Evoke: Wand              |       |       |     5 |     4 ||     9
  Use: Scroll            |       |     9 |     7 |     7 ||    23
       Potion            |       |     1 |     3 |     6 ||    10
 Stab: Sleeping          |     7 |     4 |     2 |       ||    13
       Distracted        |       |       |     2 |     4 ||     6
       Paralysed         |       |       |       |     4 ||     4
       Petrified         |       |       |       |     3 ||     3
Armor: Skin              |     6 |     7 |     6 |     7 ||    26
Dodge: Dodged            |    52 |    65 |    93 |    61 ||   271
Block: Other             |       |       |       |     7 ||     7

Vanquished Creatures
  A two-headed ogre (D:9)
  Erica (Lair:1)
  2 cane toads
  A centaur zombie (D:10)
  A komodo dragon (Lair:1)
  A polar bear (Lair:2)
  A blink frog (Lair:1)
  A basilisk (Lair:1)
  A wyvern (Lair:1)
  6 yaks
  A steam dragon (D:8)
  5 water moccasins
  2 ice beasts
  A sky beast (D:6)
  A necrophage (D:4)
  A wolf (Lair:2)
  2 lemures
  3 kobold brigands
  6 bullfrogs
  2 scorpions (D:10)
  A water moccasin skeleton (D:5)
  3 howler monkeys
  2 bullfrog zombies (D:5)
  A bullfrog skeleton (D:7)
  A jelly (D:8)
  An orc priest (D:9)
  A centaur skeleton (D:6)
  4 orc wizards
  5 iguanas
  Robin (D:3)
  4 gnolls (D:5)
  A howler monkey skeleton (D:5)
  A river rat (Sewer)
  8 adders
  An ufetubus (D:6)
  An adder skeleton (D:4)
  3 worms
  3 dart slugs
  15 orcs
  10 ball pythons
  6 bats
  5 endoplasms
  9 giant cockroaches
  13 goblins
  8 hobgoblins
  4 jackals (D:4)
  11 kobolds
  4 quokkas
  3 rats (Sewer)
170 creatures vanquished.

Vanquished Creatures (collateral kills)
  3 cane toads
  A yak (Lair:1)
  An ice beast (D:7)
  An orc warrior (D:10)
  A sky beast (D:6)
  2 black bears
  2 centaurs (D:10)
  2 wolves (Lair:2)
  An ogre (D:6)
  A nameless horror (Lair:1)
  A kobold brigand (Sewer)
  2 bullfrogs
  A wyvern skeleton (D:6)
  A bullfrog zombie (D:6)
  2 centaur zombies (D:9)
  A hound (D:7)
  A bullfrog skeleton (D:7)
  A jelly (D:6)
  An orc wizard (D:9)
  A howler monkey zombie (D:6)
  An adder (D:2)
  A white imp (D:6)
  4 orcs
  2 goblins (D:3)
  A kobold (D:9)
  A quokka (D:5)
37 creatures vanquished.

Vanquished Creatures (others)
  A two-headed ogre (D:10)
  2 komodo dragons (Lair:2)
  A troll (D:10)
  A wyvern (Lair:3)
  7 yaks
  An orc warrior (D:10)
  2 black bears
  A bullfrog (Lair:3)
  47 fungi
  44 plants
107 creatures vanquished.

Grand Total: 314 creatures vanquished
